 Dungeon Crawl Stone Soup version 0.29.1-1-gd02db6906a (webtiles) character file.

Game seed: 6798843804268973685

7029 LabCoat the Cleaver (level 11, -10/142 HPs)
             Began as a Hill Orc Fighter on Sept 28, 2022.
             Was a Priest of Trog.
             Mangled by an orc warrior
             ... wielding a +0 glaive
              (15 damage)
             ... in a bailey on Sept 30, 2022.
             The game lasted 00:29:59 (10135 turns).

LabCoat the Cleaver (Hill Orc Fighter)             Turns: 10135, Time: 00:30:00

Health: -10/142    AC: 21    Str: 30    XL:     11   Next: 8%
Magic:  0/11       EV:  7    Int:  8    God:    Trog [***...]
Gold:   477        SH:  5    Dex: 10    Spells: 10/10 levels left

rFire   . . .      SeeInvis .   a - +0 war axe
rCold   . . .      Faith    .   c - +0 buckler
rNeg    . . .      Spirit   +   F - +0 plate armour
rPois   .          Reflect  .   (no helmet)
rElec   .          Harm     .   s - +0 cloak
rCorr   .          Rampage  .   A - +1 pair of gloves
Will    ++...                   (no boots)
Stlth   ..........              y - amulet of guardian spirit
HPRegen 1.33/turn               h - +4 ring of protection
MPRegen 0.12/turn               u - +6 ring of strength

@: berserking, strong-willed, regenerating, very quick
A: no striking features
a: Renounce Religion, Berserk, Trog's Hand


You were in a bailey.
You worshipped Trog.
Trog was most pleased with you.
You visited 2 branches of the dungeon, and saw 10 of its levels.
You also visited: Sewer and Bailey.

You collected 477 gold pieces.

Inventory:

Hand Weapons
 a - a +0 war axe (weapon)
 t - a +0 executioner's axe
Missiles
 q - 10 poisoned darts (quivered)
Armour
 c - a +0 buckler (worn)
 s - a +0 cloak (worn)
 A - a +1 pair of gloves (worn)
 F - a +0 plate armour (worn)
Jewellery
 h - a +4 ring of protection (left hand)
 u - a +6 ring of strength (right hand)
 y - an amulet of guardian spirit (around neck)
Wands
 v - a wand of polymorph (5)
Scrolls
 b - 2 scrolls of silence
 g - a scroll of butterflies {unknown}
 i - 2 scrolls of blinking {unknown}
 j - a scroll of fear
 l - a scroll of enchant armour
 r - a scroll of amnesia {unknown}
 x - a scroll of poison {unknown}
 z - a scroll of magic mapping {unknown}
 C - 2 scrolls of torment {unknown}
 E - 3 scrolls of enchant weapon
Potions
 d - 3 potions of cancellation {unknown}
 f - 2 potions of brilliance
 k - 2 potions of invisibility
 m - 2 potions of flight
 n - 2 potions of curing
 o - 5 potions of haste
 p - 3 potions of attraction
 w - a potion of lignification {unknown}
 B - 3 potions of heal wounds
 D - a potion of magic {unknown}
 G - 2 potions of berserk rage {unknown}


   Skills:
 + Level 8.4 Fighting
 * Level 11.9 Axes
 + Level 5.5 Throwing
 + Level 7.7 Armour
 + Level 7.7 Shields
 + Level 6.1 Evocations


You had 10 spell levels left.
You didn't know any spells.
Your spell library contained the following spells:

 Spells                   Type           Power      Damage    Failure   Level
 Magic Dart               Conj           0%         1d3       99%         1
 Sandblast                Erth           0%         2d4       99%         1
 Sting                    Tmut/Pois      0%         1d3       99%         1
 Call Imp                 Summ           0%         N/A       100%        2
 Passwall                 Tmut/Erth      0%         N/A       100%        2
 Poisonous Vapours        Pois/Air       0%         N/A       100%        2
 Mephitic Cloud           Conj/Pois/Air  0%         N/A       100%        3
 Stone Arrow              Conj/Erth      0%         3d7       100%        3
 Olgreb's Toxic Radiance  Pois           0%         N/A       100%        4


Dungeon Overview and Level Annotations

Branches:
Dungeon (10/15)            Temple (1/1) D:4            Lair (0/5) D:10
  Sewer (visited)          Bailey (1/1)
    Orc: D:9-12

Altars:
Ashenzari
Cheibriados
Dithmenos
Elyvilon
Fedhas
Gozag
Hepliaklqana
Kikubaaqudgha
Makhleb
Nemelex Xobeh
Okawaru
Ru
Sif Muna
Trog
Uskayaw
Vehumet
Wu Jian
Xom
Yredelemnul
Zin

Shops:
D:2 !   D:5 =

Annotations:
D:5 2 transporters, ragnag's ghost, novice OpSu
D:10 1 runed translucent door


Message History

The orc warrior barely misses you.
You slice the orc warrior!!
The orc warrior is almost dead.
You barely miss the orc warrior. You slash the culicivora!
The culicivora bites you!
* * * LOW HITPOINT WARNING * * *
The culicivora draws strength from your injuries!
You slice the orc warrior!!
You kill the orc warrior!
Trog accepts your kill.
You closely miss the orc warrior. You slash the culicivora!
The culicivora bites you.
* * * LOW HITPOINT WARNING * * *
The culicivora draws strength from your injuries!
You block the orc warrior's attack. The orc warrior barely misses you.
Found a scroll of summoning and a scroll of enchant weapon.
The orc warrior hits you with a +0 glaive.
* * * LOW HITPOINT WARNING * * *
The orc warrior barely misses you.
You slash the orc warrior!
The orc warrior is moderately wounded.
You barely miss the culicivora. You barely miss the orc warrior.
The culicivora bites you!
* * * LOW HITPOINT WARNING * * *
The culicivora draws strength from your injuries!
You slash the orc warrior!
The orc warrior is severely wounded.
You closely miss the culicivora. You closely miss the orc warrior.
The culicivora bites you!
* * * LOW HITPOINT WARNING * * *
The culicivora draws strength from your injuries!
The orc warrior closely misses you. You block the orc warrior's attack.
You are too berserk!
You closely miss the orc warrior.
The orc warrior is severely wounded.
You closely miss the culicivora.
You hit the orc warrior but do no damage.
The culicivora bites you but does no damage.
The orc warrior hits you with a +0 glaive!
You die...

####### ##########
#######.....###.........
.....#.......'..).......
.....'..#....'.......???
.....'.)[....'.)......?.
.....'..#..).'.s@o...?.?
.....#.......'.o........
#######.....###.........
####### ##########


You could see a culicivora and 2 orc warriors.

Vanquished Creatures
  Harold (D:10)
  A deep elf pyromancer (D:10)
  A komodo dragon (D:10)
  A kobold demonologist (D:10)
  2 trolls (D:10)
  Sigmund (D:6)
  A jumping spider (Bailey)
  3 yaks (D:10)
  4 water moccasins
  7 orc warriors
  2 sky beasts
  An ice beast (D:5)
  2 black bears
  2 ogres
  3 centaurs
  A phantom (D:5)
  2 kobold brigands (D:10)
  4 scorpions
  2 bullfrogs (D:7)
  3 necrophages
  A gnoll sergeant (D:7)
  5 wights
  4 killer bees (D:10)
  A howler monkey (D:5)
  2 orc priests (D:4)
  A gnoll bouda (D:4)
  A jelly (D:5)
  Crazy Yiuf (D:4)
  4 hounds
  2 iguanas
  Natasha (thrice) (D:3)
  9 orc wizards
  8 gnolls
  9 river rats
  8 adders
  3 white imps
  An ufetubus (D:6)
  7 worms
  A dart slug (D:5)
  58 orcs
  7 bats
  5 endoplasms
  4 giant cockroaches
  5 goblins
  5 hobgoblins
  12 jackals
  21 kobolds
  9 quokkas
  6 ball pythons
  22 rats
269 creatures vanquished.

Vanquished Creatures (others)
  2 fungi (D:4)
  29 plants
31 creatures vanquished.

Grand Total: 300 creatures vanquished

Notes
Turn   | Place    | Note
-------+----------+-------------------------------------------
     0 | D:1      | LabCoat the Hill Orc Fighter began the quest for the Orb.
     0 | D:1      | Reached XP level 1. HP: 19/19 MP: 1/1
   702 | D:1      | Reached skill level 3 in Axes
   702 | D:1      | Reached XP level 2. HP: 10/27 MP: 2/2
  1178 | D:2      | Found Rekh's Distillery.
  1321 | D:2      | Found a faded altar of an unknown god.
  1644 | D:2      | Reached XP level 3. HP: 31/33 MP: 3/3
  1965 | D:3      | Noticed Natasha
  1973 | D:3      | Killed Natasha
  1974 | D:3      | Reached skill level 1 in Evocations
  1974 | D:3      | Reached XP level 4. HP: 35/40 MP: 4/4
  2061 | D:3      | Noticed Natasha
  2071 | D:3      | Killed Natasha
  2072 | D:3      | Reached skill level 4 in Axes
  2072 | D:3      | Reached skill level 1 in Throwing
  2345 | D:3      | Noticed Natasha
  2426 | D:3      | Found a glowing drain.
  2438 | Sewer    | Entered a sewer
  2964 | Sewer    | Reached XP level 5. HP: 46/46 MP: 5/5
  3521 | D:3      | Killed Natasha
  3917 | D:4      | Noticed an ogre
  3931 | D:4      | Killed an ogre
  3932 | D:4      | Reached skill level 5 in Axes
  3932 | D:4      | Reached XP level 6. HP: 46/53 MP: 6/6
  3946 | D:4      | Noticed a black bear
  3951 | D:4      | Killed a black bear
  3952 | D:4      | Reached XP level 7. HP: 37/60 MP: 7/7
  4421 | D:4      | Found a shadowy altar of Dithmenos.
  4428 | D:4      | Reached skill level 5 in Fighting
  4428 | D:4      | Reached skill level 6 in Axes
  4849 | D:4      | Found a staircase to the Ecumenical Temple.
  4858 | Temple   | Entered the Ecumenical Temple
  4934 | Temple   | Became a worshipper of Trog the Wrathful
  5450 | D:4      | Reached XP level 8. HP: 31/68 MP: 8/8
  5869 | D:4      | Found a runed translucent door.
  5870 | D:4      | Noticed Crazy Yiuf
  5879 | D:4      | Killed Crazy Yiuf
  5988 | D:4      | Found an iron altar of Okawaru.
  6046 | D:5      | Entered Level 5 of the Dungeon
  6068 | D:5      | Reached skill level 5 in Armour
  6068 | D:5      | Reached skill level 5 in Shields
  6221 | D:5      | Reached skill level 7 in Axes
  6277 | D:5      | Reached * piety under Trog
  6524 | D:5      | Identified the +1 scale mail "Awufum" {Fly rF++ Str+10
                  | Int-3}
  6575 | D:5      | Reached skill level 8 in Axes
  6575 | D:5      | Noticed a +0 dagger
  6578 | D:5      | Noticed a +0 hand axe
  6652 | D:5      | Found a hide-covered altar of Uskayaw.
  6676 | D:5      | Found a transporter.
  6731 | D:5      | Noticed ragnag's ghost (novice OpSu)
  6984 | D:5      | Found a transporter.
  7035 | D:5      | Reached XP level 9. HP: 67/75 MP: 7/9
  7168 | D:5      | Reached ** piety under Trog
  7180 | D:5      | Found Riniu's Jewellery Boutique.
  7440 | D:6      | Reached skill level 9 in Axes
  7549 | D:6      | Noticed Sigmund
  7580 | D:6      | Killed Sigmund
  7975 | D:6      | Found an opulent altar of Gozag.
  8361 | D:6      | Found a basalt altar of Yredelemnul.
  8529 | D:7      | Reached skill level 10 in Axes
  8529 | D:7      | Reached XP level 10. HP: 52/86 MP: 2/10
  8531 | D:7      | Reached skill level 5 in Evocations
  8713 | D:7      | Reached *** piety under Trog
  8920 | D:7      | You fall into a shaft and drop 3 floors!
  8920 | D:10     | Entered Level 10 of the Dungeon
  8921 | D:10     | Found a runed translucent door.
  8955 | D:10     | Noticed a deep elf pyromancer
  8963 | D:10     | Found a staircase to the Lair.
  9172 | D:10     | Noticed a kobold demonologist
  9176 | D:10     | Killed a kobold demonologist
  9187 | D:10     | Reached skill level 5 in Throwing
  9189 | D:10     | Reached skill level 11 in Axes
  9410 | D:10     | Killed a deep elf pyromancer
  9578 | D:10     | Noticed Harold
  9598 | D:10     | Killed Harold
  9599 | D:10     | Reached XP level 11. HP: 89/94 MP: 5/11
  9826 | D:9      | Found a flagged portal.
  9835 | Bailey   | Entered a bailey
  9964 | Bailey   | Noticed an orc knight
  9965 | Bailey   | an orc knight changed into a jumping spider
 10115 | Bailey   | Noticed an orc knight
 10117 | Bailey   | an orc knight changed into a culicivora
 10134 | Bailey   | HP: 4/142 [culicivora (11)]
 10135 | Bailey   | Mangled by an orc warrior

Illustrated notes

Levels and vault maps discovered:
D:1:      tarquinn_simple_flora_water_d, layout_loops_ring,
          hangedman_abyss_or_decor_stabs
D:2:      layout_rooms, serial_shops, nicolae_shop_advertising_works
          [nicolae_subvault_shop_adworks], hellmonk_ecumenical_altar_blasted
D:3:      layout_basic, cheibrodos_sewer_entry_bend, uniq_natasha
D:4:      old_forge, layout_basic, mainiacjoe_overflow_six_doors_small,
          marbit_many_paths, minmay_temple_entry_waves, minmay_vboxes,
          uniq_crazy_yiuf_cottage
D:5:      lemuel_ratsnest, layout_gridville, dancing_weapons_uskayaw,
          gammafunk_ghost_gnarly_gnolls, serial_shops, shop, st_stairs_2,
          dreamdust_wishing_well
D:6:      layout_basic, mainiacjoe_overflow_brackets,
          nicolae_overflow_hidden_temple, uniq_sigmund
D:7:      layout_basic, kennysheep_small_circle
D:9:      layout_irregular_city, nicolae_qazlal_scattered_showers,
          enter_bailey_2
D:10:     layout_big_octagon, david_lair_shrubbed, serial_bayou,
          serial_bayou_pond_d, serial_bayou_shore_a, serial_bayou_ford_a,
          serial_bayou_pond_b, serial_bayou_pond_e,
          ebering_ghost_reflecting_pool, kennysheep_crisscross, uniq_harold
Temple:   nicolae_temple_superstar
Bailey:   bailey_polearm_5, bailey

Skill      XL: |  1  2  3  4  5  6  7  8  9 10 |
---------------+-------------------------------+-----
Axes           | 3 4 5 6 8 10 11 | 11.9
Fighting       | 4 5 6 7 8 |  8.4
Evocations     | 1 2 3 4 6 |  6.1
Throwing       | 1 2 3 4 5 |  5.5
Armour         | 4 5 6 7 |  7.7
Shields        | 4 5 6 7 |  7.7

Action                   |  1- 3 |  4- 6 |  7- 9 | 10-12 || total
-------------------------+-------+-------+-------+-------++-------
Melee: War axe           |    83 |   128 |   419 |   143 ||   773
Throw: Dart              |       |    15 |    24 |     7 ||    46
       Boomerang         |       |       |    12 |       ||    12
Invok: Berserk           |       |       |     2 |     5 ||     7
       Trog's Hand       |       |       |     1 |     5 ||     6
Evoke: Wand              |       |       |     6 |     8 ||    14
  Use: Scroll            |     3 |     6 |     2 |     3 ||    14
       Potion            |       |     3 |     1 |     8 ||    12
Armor: Chain mail        |    53 |    53 |   310 |   115 ||   531
       Skin              |       |       |     2 |       ||     2
       Plate armour      |       |       |       |     6 ||     6
Dodge: Dodged            |    26 |    37 |   168 |   111 ||   342
Block: Buckler           |    29 |    39 |    87 |    57 ||   212
